 Dungeon Crawl Stone Soup version 0.30.1-11-g7821555f0a (webtiles) character file.

Game seed: 18323589488231599961

150 comborobin the Chopper (level 5, -1/47 HPs)
             Began as a Minotaur Delver on Nov 20, 2023.
             Slain by a gnoll
             ... wielding a +0 flail
              (6 damage)
             ... on level 4 of the Dungeon.
             The game lasted 00:01:29 (442 turns).

comborobin the Chopper (Minotaur Delver)             Turns: 442, Time: 00:01:30

Health: -1/47      AC:  8    Str: 17    XL:     5   Next: 10%
Magic:  4/4        EV:  8    Int:  7    God:
Gold:   0          SH:  0    Dex: 13    Spells: 4/4 levels left

rFire   . . .        a - +0 war axe
rCold   . . .        (no shield)
rNeg    . . .        f - +0 chain mail
rPois   .            (helmet restricted)
rElec   .            (no cloak)
rCorr   .            (no gloves)
SInv    .            (no boots)
Will    .....        (no amulet) Stlth
                     (no ring)
HPRegen 0.27/turn    (no ring)
MPRegen 0.09/turn

%: no passive effects
@: no status effects
A: horns 2, retaliatory headbutt
a: no special abilities


You were on level 4 of the Dungeon.
You visited 1 branch of the dungeon, and saw 2 of its levels.

Inventory:

Hand Weapons
 a - a +0 war axe (weapon)
Armour
 b - a +0 leather armour
 f - a +0 chain mail (worn)
Scrolls
 c - a scroll of fog
 d - a scroll of poison {unknown}


   Skills:
 + Level 4.7 Fighting
 * Level 4.8 Axes
 + Level 2.6 Armour
 - Level 2.1 Dodging
 - Level 4.1 Stealth


You had 4 spell levels left.
You didn't know any spells.
Your spell library was empty.

Dungeon Overview and Level Annotations

Branches:
Dungeon (5/15)
 Temple: D:4-7

Altars:


Innate Abilities, Weirdness & Mutations

You have a pair of horns on your head.
You reflexively headbutt those who attack you in melee.


Message History

You completely miss the hound.
The hound is almost dead.
The hound bites you but does no damage.
You miss the hound. Your headbutt misses the hound.
The hound is almost dead.
The hound barely misses you. The hound bites you but does no damage.
You hit the hound.
You kill the hound!
A gnoll is nearby!
You closely miss the gnoll.
The gnoll is moderately wounded.
The gnoll hits you with a +0 flail.
You are too injured to fight recklessly!
You hit the gnoll. You headbutt the gnoll.
The gnoll is severely wounded.
The gnoll hits you but does no damage.
You barely miss the gnoll. Your headbutt misses the gnoll.
The gnoll is severely wounded.
The gnoll hits you with a +0 flail.
* * * LOW HITPOINT WARNING * * *
The gnoll hits you but does no damage.
You slash the gnoll!
You kill the gnoll!
You slash the gnoll!
You kill the gnoll!
You have reached level 5!
You start resting.
A gnoll is nearby!
You slash the gnoll!
The gnoll is severely wounded.
The gnoll hits you with a +0 spear.
* * * LOW HITPOINT WARNING * * *
The gnoll barely misses you. You furiously retaliate!
You headbutt the gnoll!
You kill the gnoll!
The gnoll hits you with a +0 flail!
* * * LOW HITPOINT WARNING * * *
Items here: )))))) [ †††.
A gnoll is nearby!
The gnoll attacks as you move away! The gnoll hits you with a +0 flail.
You die...

### #.....)#
#.# #.gg.g#
#.##
##########.#
#######
##.## ##÷.#
##.## ##.###
##.## ##.##
##.## ##.##
##.###.##
##.#g##
##@## ###


You could see a gnoll.

Vanquished Creatures
  A hound (D:4)
  An orc priest (D:4)
  An iguana (D:4)
  3 gnolls (D:4)
  2 adders (D:4)
  7 orcs
  A quokka (D:4)
16 creatures vanquished.

Notes
Turn   | Place    | Note
-------+----------+-------------------------------------------
     0 | D:5      | comborobin the Minotaur Delver began the quest for the Orb.
     0 | D:5      | Reached XP level 1. HP: 19/19 MP: 0/0
    19 | D:5      | Noticed an iguana
    79 | D:4      | Noticed an iguana
   109 | D:4      | Reached skill level 1 in Armour
   109 | D:4      | Reached XP level 2. HP: 20/27 MP: 1/1
   198 | D:4      | Reached XP level 3. HP: 19/33 MP: 2/2
   340 | D:4      | Reached XP level 4. HP: 38/41 MP: 3/3
   439 | D:4      | Reached XP level 5. HP: 13/47 MP: 4/4
   442 | D:4      | Slain by a gnoll

Illustrated notes

Levels and vault maps discovered:
D:4:      kennysheep_big_flooded_room, layout_basic,
          grunt_temple_overflow_cloverleaf, grunt_ministairs_8
D:5:      layout_loops_cross, grunt_nemelex_the_gamble,
          gammafunk_ghost_nasty_kobolds

Skill      XL: |  1  2  3 |
---------------+----------+-----
Axes           | 3 4 |  4.8
Armour         | 1 2 |  2.6
Fighting       | 4 |  4.7
Dodging        | |  2.1
Stealth        | |  4.1

Action                     |  1- 3 |  4- 6 || total
---------------------------+-------+-------++-------
  Melee: Hand axe          |    24 |       ||    24
         Headbutt          |     3 |     4 ||     7
         War axe           |     3 |    26 ||    29
  Evoke: Wand              |     3 |       ||     3
    Use: Scroll            |     2 |       ||     2
         Potion            |     1 |       ||     1
   Stab: Distracted        |     1 |       ||     1
 Armour: Leather armour    |     6 |       ||     6
         Chain mail        |     7 |    26 ||    33
  Dodge: Dodged            |    12 |    22 ||    34
